 Dungeon Crawl Stone Soup version bcrawl-1.38.3 (webtiles) character file.

Game seed: 17001755984329287320

107706 Corvidia the Skirmisher (level 3, -3/29 HPs)
             Began as a Demonspawn Fighter on June 29, 2023.
             Was a Believer of Uskayaw.
             Slain by an iguana (10 damage)
             ... on level 3 of the Dungeon.
             The game lasted 00:01:46 (1769 turns).

Corvidia the Skirmisher (Demonspawn Fighter)        Turns: 1769, Time: 00:01:46

Health: -3/29      AC:  6    Str: 16    XL:     3   Next: 67%
Magic:  3/3        EV:  5    Int: 10    God:    Uskayaw [**....]
Gold:   211        SH:  9    Dex: 12    Spells: 2/2 levels left

rFire    . . .     GDR:     27% a - +0 long sword
rCold    . . .     SeeInvis .   c - +0 medium shield
rNeg     . . .     Gourm    .   b - +0 scale mail
rPois    .         Faith    .   (no helmet)
rElec    .         Spirit   .   (no cloak)
rCorr    .         Reflect  .   (no gloves)
MR       .....                  (no boots)
Stlth    ..........             (no amulet)
HPRegen  0.14/turn              (no ring)
MPRegen  0.08/turn              (no ring)

@: no status effects
A: talons 1, powered by death 1
a: Stomp, Renounce Religion


You were on level 3 of the Dungeon.
You worshipped Uskayaw.
Uskayaw was noncommittal.
You were hungry.

You visited 1 branch of the dungeon, and saw 3 of its levels.

You collected 211 gold pieces.

Inventory:

Hand Weapons
 a - a +0 long sword (weapon)
Armour
 b - a +0 scale mail (worn)
 c - a +0 medium shield (worn)
Jewellery
 o - a +5 ring of intelligence {unknown}
Scrolls
 g - a scroll of noise {unknown}
 h - 3 scrolls of remove curse {unknown}
 i - 2 scrolls of identify
 j - 2 scrolls of teleportation {unknown}
 k - a scroll of blinking {unknown}
 l - a scroll of fear {unknown}
 n - a scroll of immolation {unknown}
Potions
 d - 2 potions of might
 f - a potion of curing {unknown}
 m - a potion of brilliance {unknown}
Comestibles
 e - 5 rations {!d}


   Skills:
 + Level 3.2 Fighting
 - Level 2.1 Long Blades
 + Level 3.0 Armour
 + Level 1.2 Dodging
 + Level 3.2 Shields
 + Level 0.2 Invocations


You had 2 spell levels left.
You didn't know any spells.
Your spell library was empty.

Dungeon Overview and Level Annotations

Branches:
Dungeon (3/12)

Altars:
Ru
Uskayaw


Innate Abilities, Weirdness & Mutations

You have sharp toenails.
You regenerate a little health from kills.


Message History

You are too injured to fight recklessly!
You are too injured to fight recklessly!
You are too injured to fight recklessly!
You are too injured to fight recklessly!
You are too injured to fight recklessly!
You are too injured to fight recklessly!
You are too injured to fight recklessly!
You are too injured to fight recklessly!
You are too injured to fight recklessly!
You are too injured to fight recklessly!
You are too injured to fight recklessly!
You hit the iguana but do no damage.
The iguana is almost dead.
The iguana bites you!
* * * LOW HITPOINT WARNING * * *
You block the iguana's attack.
You hit the iguana but do no damage.
The iguana is almost dead.
The iguana bites you!
You die...

#8...8#.#..###.#####
##...##............#
#...####..###.#...#
##...##.#..# #.#...#
#8...8#.#..# #.#...#
#...##.#..###.#..##.#
#...##.#............#
#......#.####.#######..
###......# #..@l......
#.####.# ###########
#.# #.# ### ###


You could see an iguana.

Vanquished Creatures
  An ooze (D:3)
  A worm (D:2)
  2 dart slugs (D:1)
  5 leopard geckos
  A ball python (D:2)
  3 giant cockroaches
  A goblin (D:1)
  6 hobgoblins
  2 jackals (D:1)
  A kobold (D:2)
  3 quokkas
  3 bats
  7 rats
36 creatures vanquished.

Notes
Turn   | Place    | Note
-------+----------+-------------------------------------------
     0 | D:1      | Corvidia the Demonspawn Fighter began the quest for the
                  | Orb.
     0 | D:1      | Reached XP level 1. HP: 18/18 MP: 1/1
    75 | D:1      | Gained mutation: You have sharp toenails. [demonic
                  | ancestry]
    75 | D:1      | Reached XP level 2. HP: 23/24 MP: 2/2
   470 | D:1      | Gained mutation: You regenerate a little health from kills.
                  | [demonic ancestry]
   470 | D:1      | Reached XP level 3. HP: 28/29 MP: 3/3
   676 | D:2      | Reached skill level 1 in Dodging
   752 | D:2      | Found a sacrificial altar of Ru.
  1042 | D:2      | Found a white marble altar of Elyvilon.
  1119 | D:2      | Found a hide-covered altar of Uskayaw.
  1129 | D:2      | Became a worshipper of Uskayaw the Reveler
  1622 | D:3      | Reached * piety under Uskayaw
  1767 | D:3      | Reached ** piety under Uskayaw
  1769 | D:3      | Slain by an iguana

Skill      XL: |  1  2  3 |
---------------+----------+-----
Long Blades    | 2 |  2.1
Shields        | 3 |  3.2
Armour         | 3 |  3.0
Dodging        | 1 |  1.2
Fighting       | |  3.2
Invocations    | |  0.2

Action                   || total
-------------------------++-------
Melee: Long sword        ||   106
       Kick              ||    13
  Eat: Chunk             ||     5
Armor: Scale mail        ||    51
Dodge: Dodged            ||    25
Block: Medium shield     ||    71
